 Dungeon Crawl Stone Soup version 0.31.0-12-g77e489cdc1 (webtiles) character file.

Game seed: 17255590064069313887

5152 ragingrage the Grappler (level 10, -4/91 HPs)
             Began as a Naga Shapeshifter on Feb 20, 2024.
             Was a Follower of Yredelemnul.
             Constricted to death by Amaemon (7 damage)
             ... on level 8 of the Dungeon.
             The game lasted 00:11:14 (7175 turns).

ragingrage the Grappler (Naga Shapeshifter)         Turns: 7175, Time: 00:11:15

Health: -4/91      AC: 11    Str: 20    XL:     10   Next: 59%
Magic:  13/13      EV: 10    Int: 12    God:    Yredelemnul [*.....]
Gold:   269        SH:  0    Dex: 10    Spells: 9/9 levels left

rFire   . .          .
                       - Unarmed
rCold   + . .        (shield currently unavailable)
rNeg    . . .        m - melded +2 leather armour {rPois}
rPois   +            j - +0 helmet
rElec   .            G - +1 cloak {rPois}
rCorr   .            F - +0 pair of gloves
SInv    +            (no barding)
Will    +....        o - amulet of faith
Stlth   +            e - +4 ring of protection
HPRegen 0.35/turn    E - ring of protection from cold
MPRegen 0.13/turn

%: faith
@: lethally poisoned (-4 -> -7), flux-form, grasped by roots, glowing,
constricted, very slow
A: glow, contaminating, AC +3, large, see invisible, deformed body, poison
resistance, slowness 2, spit poison 1, naga tail 1
a: Spit Poison, Begin Untransformation, Renounce Religion, Recall Undead Harvest


You were on level 8 of the Dungeon.
You worshipped Yredelemnul.
Yredelemnul was noncommittal.
You were something dangerously unstable.
You visited 1 branch of the dungeon, and saw 8 of its levels.

You collected 542 gold pieces.
You spent 273 gold pieces at shops.

Inventory:

Missiles
 w - a curare-tipped dart
 x - 4 poisoned darts
Armour
 j - a +0 helmet (worn)
 m - a +2 leather armour of poison resistance (melded)
 F - a +0 pair of gloves (worn)
 G - a +1 cloak of poison resistance (worn)
Jewellery
 e - a +4 ring of protection (left hand)
 o - an amulet of faith (around neck)
 p - a ring of resist corrosion
 E - a ring of protection from cold (right hand)
 I - a ring of flight
Talismans
 c - a beast talisman
 d - a flux talisman (active)
Wands
 s - a wand of roots (13)
 A - a wand of charming (3)
 H - a wand of flame (5)
Scrolls
 a - a scroll of enchant armour
 h - a scroll of brand weapon
 n - 2 scrolls of fear
 q - a scroll of teleportation
 y - a scroll of silence
 B - 5 scrolls of poison
 C - a scroll of amnesia
Potions
 b - a potion of lignification
 g - a potion of brilliance {unknown}
 i - a potion of degeneration {unknown}
 k - 4 potions of curing
 l - 2 potions of mutation
 r - a potion of magic
 t - 3 potions of invisibility
 u - a potion of heal wounds
 v - a potion of berserk rage
 z - a potion of enlightenment {unknown}
 D - a potion of haste


   Skills:
 + Level 5.7 Fighting
 - Level 1.5 Dodging
 - Level 4.0 Stealth
 - Level 12.0 Unarmed Combat
 - Level 4.0 Invocations
 - Level 7.0 Shapeshifting


You had 9 spell levels left.
You didn't know any spells.
Your spell library contained the following spells:

 Spells                   Type           Power      Damage    Failure   Level
 Apportation              Tloc           0%         N/A       32%         1
 Necrotise                Necr           0%         1d4       32%         1
 Sting                    Conj/Alch      0%         1d3       32%         1
 Summon Small Mammal      Summ           0%         N/A       32%         1
 Frozen Ramparts          Ice            0%         1d1       69%         3
 Inner Flame              Hex/Fire       0%         N/A       69%         3
 Flame Wave               Conj/Fire      0%         2d4       97%         4
 Leda's Liquefaction      Alch/Erth      0%         N/A       97%         4
 Petrify                  Alch/Erth      0%         N/A       97%         4
 Sticky Flame             Fire/Alch      0%         2d4       97%         4
 Metabolic Englaciation   Hex/Ice        0%         N/A       100%        5


Dungeon Overview and Level Annotations

Branches:
Dungeon (8/15)             Temple (0/1) D:5
   Lair: D:8-11

Altars:
Fedhas
Sif Muna
Vehumet
Wu Jian
Xom
Yredelemnul
Zin
The Shining One

Shops:
D:2 *   D:5 !

Annotations:
D:8 Amaemon, Prince Ribbit


Innate Abilities, Weirdness & Mutations

You are something dangerously unstable.
You glow with magical radiation, making you easy to see and hit.
Foes you strike become dangerously contaminated with magical radiation.
You are incapable of wielding weapons or throwing items.
Your serpentine skin is tough. (AC +3)
You have supernaturally acute eyesight. (SInv)
Armour fits poorly on your strangely shaped body.
Your system is resistant to poisons. (rPois)
You cover ground very slowly.
You can spit poison.
You have a snake-like lower body.


Message History

You hit the orange demon.
The orange demon shudders as magic cascades through it!
The orange demon twists and deforms.
The orange demon is severely wounded.
You feel sick. The orange demon barely misses you.
The orange demon hits you but does no damage.
Amaemon hits you with a -2 demon whip of venom!
Amaemon claws you. Amaemon tail-slaps you. The grasping roots constrict you.
Unknown command.
You hit the orange demon.
The orange demon begins to glow.
The orange demon is severely wounded.
You feel sick.
The grasping roots release their grip on you.
You punch the orange demon!
The orange demon glows dangerously bright.
The orange demon is almost dead.
You feel sick. The orange demon stings you!
The orange demon hits you but does no damage.
Amaemon zaps a wand.
The roots erupt in riotous growth!
The grasping roots grab you!
The orange demon is unaffected.
Your water moccasin zombie is unaffected.
Amaemon is unaffected.
The grasping roots constrict you.
You punch the orange demon!
You kill the orange demon!
You feel sick. Amaemon hits you but does no damage. Amaemon claws you.
* * * LOW HITPOINT WARNING * * *
Amaemon tail-slaps you but does no damage.
The grasping roots constrict you.
You hit Amaemon but do no damage.
Amaemon begins to glow.
Amaemon hits you with a -2 demon whip of venom!
* * * LOW HITPOINT WARNING * * *
Amaemon claws you.
* * * LOW HITPOINT WARNING * * *
Amaemon tail-slaps you.
* * * LOW HITPOINT WARNING * * *
The grasping roots constrict you!
You die...
Your body rises from the dead as a mindless zombie.

###ZZZ...........
##.#Z#.#.#.#......
#.#Z#.#.#.#.#.....
##.#.#.#.#.#......
####.#.#Z#.#.#.####.#
#...#.#Z#.#.#.#...#.# .......#
#....#Z#.#.#.#.#..#.. .......#
#...#Z#.#.#.#.#...#.. .......#
#...p#.#.#.#.#.#..# .......#
#...#6#.#.#.#.#...# .......#
#....#.#.#.#.#.#..# .......#
#...#.#.#.#.#.#...# .......#
#....#.#.#.#.#.#..#
.......######.................#
..####......<..#+########.....#
...............#...#....#.....#
≈≈~≈≈.)........#...#....+.....#


You could see Amaemon (contam, ally target), a friendly spectral shadow imp, a
friendly water moccasin zombie, a friendly goblin zombie and the friendly Psyche
the human zombie.

Vanquished Creatures
  Pikel (D:3)
  A cyclops (D:6)
  Maurice (D:7)
  Joseph (D:7)
  An orange demon (D:8)
  Psyche (D:8)
  A troll (D:8)
  Grinder (D:6)
  Sigmund (D:6)
  2 ice beasts
  A sky beast (D:8)
  An ogre (D:7)
  5 centaurs
  A lemure (D:3)
  2 phantoms
  A kobold brigand (D:6)
  2 bullfrogs (D:7)
  5 wights
  2 bombardier beetles
  5 hounds
  3 orc priests
  Terence (D:2)
  3 iguanas
  3 orc wizards
  6 gnolls
  5 adders
  A shadow imp (D:8)
  2 white imps
  An ufetubus (D:6)
  2 dart slugs
  24 orcs
  8 endoplasms
  2 giant cockroaches
  11 goblins
  7 hobgoblins
  A jackal (D:4)
  12 kobolds
  2 quokkas (D:4)
  4 ball pythons
  3 bats
  2 frilled lizards (D:3)
  A goblin zombie (D:5)
  A hobgoblin zombie (D:5)
  3 rats
144 creatures vanquished.

Vanquished Creatures (collateral kills)
  A water moccasin (D:8)
  A centaur (D:7)
  A bullfrog (D:8)
  A bombardier beetle (D:5)
  An orc priest (D:3)
  An iguana (D:6)
  A gnoll (D:6)
  A shadow imp (D:5)
  An ufetubus (D:6)
  2 ribbon worms
  An orc (D:5)
  A jackal (D:4)
  A ball python (D:3)
  2 goblin skeletons (D:5)
  2 hobgoblin zombies (D:5)
  A rat (D:2)
  2 butterflies (D:3)
21 creatures vanquished.

Vanquished Creatures (others)
  An unseen horror (D:6)
  A wyvern (D:8)
  An ice beast (D:8)
  3 centaur zombies
  A sky beast zombie (D:8)
  An ogre zombie (D:7)
  A spectral white imp (D:7)
  A bat zombie (D:3)
  4 gnoll zombies
  A goblin zombie (D:4)
  3 kobold zombies
  5 orc zombies
  2 quokka zombies (D:4)
  2 spectral ufetubi (D:6)
27 creatures vanquished.

Grand Total: 192 creatures vanquished

Notes
Turn   | Place    | Note
-------+----------+-------------------------------------------
     0 | D:1      | ragingrage the Naga Shapeshifter began the quest for the
                  | Orb.
     0 | D:1      | Reached XP level 1. HP: 18/18 MP: 1/1
   361 | D:1      | Reached XP level 2. HP: 25/25 MP: 2/2
   705 | D:2      | Found a basalt altar of Yredelemnul.
   732 | D:2      | Became a worshipper of Yredelemnul the Dark
   791 | D:2      | Reached XP level 3. HP: 31/31 MP: 3/3
   817 | D:2      | Reached * piety under Yredelemnul
   831 | D:2      | Found Lerhyph's General Store.
  1012 | D:2      | Noticed Terence
  1021 | D:2      | Killed Terence
  1022 | D:2      | Reached skill level 4 in Unarmed Combat
  1022 | D:2      | Reached XP level 4. HP: 23/38 MP: 4/4
  1172 | D:2      | Reached ** piety under Yredelemnul
  1438 | D:3      | Reached XP level 5. HP: 44/44 MP: 5/5
  1461 | D:3      | Found a shimmering altar of Xom.
  1898 | D:4      | Reached skill level 5 in Unarmed Combat
  1898 | D:4      | Reached XP level 6. HP: 31/51 MP: 6/6
  2125 | D:4      | Noticed Pikel
  2238 | D:3      | Killed Pikel
  2239 | D:3      | Reached skill level 6 in Unarmed Combat
  2239 | D:3      | Reached skill level 5 in Shapeshifting
  2239 | D:3      | Reached XP level 7. HP: 4/60 MP: 7/7
  2679 | D:4      | Found a shimmering blue altar of Sif Muna.
  2734 | D:5      | Entered Level 5 of the Dungeon
  2758 | D:5      | Reached XP level 8. HP: 63/67 MP: 8/8
  2778 | D:5      | Reached skill level 1 in Invocations
  2784 | D:5      | Reached skill level 7 in Unarmed Combat
  2842 | D:5      | Found a staircase to the Ecumenical Temple.
  3022 | D:5      | Found a glowing silver altar of Zin.
  3099 | D:5      | Reached *** piety under Yredelemnul
  3274 | D:5      | Found a glowing golden altar of the Shining One.
  3328 | D:5      | Found Oquxtu's Distillery.
  3337 | D:5      | Bought a potion of curing for 39 gold pieces
  3337 | D:5      | Bought a potion of heal wounds for 65 gold pieces
  3337 | D:5      | Bought a potion of berserk rage for 65 gold pieces
  3337 | D:5      | Bought a potion of invisibility for 104 gold pieces
  3599 | D:6      | Noticed Grinder
  3623 | D:6      | Killed Grinder
  3624 | D:6      | Reached skill level 8 in Unarmed Combat
  3738 | D:6      | Reached XP level 9. HP: 73/73 MP: 12/12
  4005 | D:6      | Reached skill level 9 in Unarmed Combat
  4097 | D:6      | Noticed an unseen horror
  4103 | D:6      | Noticed a cyclops
  4103 | D:6      | Killed an unseen horror
  4376 | D:6      | Killed a cyclops
  4623 | D:6      | Noticed Sigmund
  4624 | D:6      | Found an ornate altar of the Wu Jian Council.
  4630 | D:6      | Killed Sigmund
  4631 | D:6      | Reached skill level 10 in Unarmed Combat
  4631 | D:6      | Reached skill level 1 in Stealth
  5260 | D:7      | Identified the +6 rapier "Visilal" {flame, rCorr}
  5341 | D:7      | Noticed Joseph
  5361 | D:7      | Killed Joseph
  5619 | D:7      | Reached XP level 10. HP: 57/85 MP: 13/13
  5842 | D:7      | Noticed Maurice
  5844 | D:7      | Maurice stole 99 gold
  5851 | D:7      | Killed Maurice
  5852 | D:7      | Reached skill level 11 in Unarmed Combat
  6009 | D:7      | Found a radiant altar of Vehumet.
  6296 | D:8      | Noticed an orange demon
  6300 | D:8      | Noticed Amaemon
  6308 | D:8      | Found a blossoming altar of Fedhas.
  6603 | D:8      | Noticed Prince Ribbit
  6638 | D:8      | Noticed Psyche
  6641 | D:8      | Reached skill level 12 in Unarmed Combat
  6647 | D:8      | Killed Psyche
  7076 | D:8      | Reached skill level 5 in Fighting
  7174 | D:8      | Killed an orange demon
  7175 | D:8      | HP: 3/91 [Amaemon/-2 demon whip of venom (5)]
  7175 | D:8      | Constricted to death by Amaemon

Illustrated notes

Levels and vault maps discovered:
D:1:      ldierk_walled_garden_2, layout_loops_ring, hangedman_decor_lopped
D:2:      layout_rooms, serial_shops, shop, basic_altar, uniq_terence
D:3:      layout_rooms, xom_butterflies
D:4:      layout_cave_pools, lemuel_coloured_pillars_altar, uniq_pikel
D:5:      layout_basic, amcnicky_altar_gilded, nicolae_tso_besieged_by_evil,
          minmay_temple_entry_junction, serial_shops, nicolae_shop_statue_plus,
          hangedman_decor_points, chequers_arboretum
D:6:      layout_loops_ring, nzn_wu_jian_contemplation,
          kennysheep_decorative_pillar, minmay_small_thing, uniq_sigmund,
          uniq_grinder
D:7:      layout_basic, mainiacjoe_overflow_alcove_2, hangedman_decor_slide_cut,
          kennysheep_flooded_box, uniq_maurice, uniq_joseph
D:8:      layout_gridville, fedhas_ov_isle_minmay, enter_bailey_5, minivault_23,
          minivault_23, uniq_psyche, uniq_prince_ribbit1, uniq_amaemon

Skill      XL: |  1  2  3  4  5  6  7  8  9 10 |
---------------+-------------------------------+-----
Unarmed Combat | 4 5 6 8 10 12 | 12.0
Shapeshifting  | 4 5 6 7 |  7.0
Fighting       | 2 3 5 |  5.7
Invocations    | 4 |  4.0
Stealth        | 4 |  4.0
Dodging        | |  1.5

Action                     |  1- 3 |  4- 6 |  7- 9 | 10-12 || total
---------------------------+-------+-------+-------+-------++-------
  Melee: Unarmed           |    38 |    96 |   220 |    91 ||   445
         Mace              |    26 |       |       |       ||    26
         Punch             |       |     5 |     8 |     3 ||    16
  Throw: Throwing net      |       |     1 |       |       ||     1
         Dart              |       |       |     4 |     2 ||     6
 Invoke: Dark Bargain      |       |     1 |     1 |       ||     2
         Recall Undead Har |       |       |     3 |       ||     3
Ability: Spit Poison       |     7 |     7 |     3 |     4 ||    21
  Evoke: Wand              |       |     1 |     1 |    11 ||    13
    Use: Scroll            |       |       |     2 |    10 ||    12
         Potion            |       |       |     2 |       ||     2
   Stab: Sleeping          |     1 |       |       |     1 ||     2
         Distracted        |       |       |     2 |       ||     2
 Armour: Animal skin       |    47 |     2 |       |       ||    49
         Leather armour    |       |    69 |   197 |    72 ||   338
         Skin              |       |       |       |    20 ||    20
  Dodge: Dodged            |    25 |    45 |   114 |    49 ||   233
   Form: Flux              |       |       |       |     2 ||     2
         Beast             |       |       |       |     1 ||     1
